 Dungeon Sprint DCSS version 0.21-a0-91-ga5031da (webtiles) character file.

14800000 Kidiri the Intangible (level 27, -4/323 HPs)
             Began as a Troll Warper on June 28, 2017.
             Was the Champion of Makhleb.
             Killed by divine providence
             ... invoked by an accursed
              (11 damage)
             ... in the Dungeon (Sprint VIII: "Arena of Blood").
             The game lasted 00:05:58 (148 turns).

Kidiri the Intangible (Troll Warper)                 Turns: 148, Time: 00:05:59

Health: -4/323     AC:  7    Str: 27    XL:     27
Magic:  38/53      EV: 31    Int:  9    God:    Makhleb [******]
Gold:   0          SH:  0    Dex: 18    Spells: 78/80 levels left

rFire    . . .     SeeInvis +   l - +∞ Axe of Woe
rCold    . . .     Gourm    +   (shield currently unavailable)
rNeg     . . .     Faith    .   b - +0 robe
rPois    .         Spirit   .   (helmet restricted)
rElec    .         Reflect  .   (no cloak)
rCorr    .         Harm     .   (gloves unavailable)
MR       ++...     NoTele   +   (boots unavailable)
Stlth    +++++++++.             (no amulet)
HPRegen  1.03/turn              a - ring of see invisible
MPRegen  0.33/turn              (no ring)

@: lethally poisoned (-4 -> -17), very slightly contaminated
A: unfitting armour, claws 3, fast metabolism 3, gourmand, regeneration 1,
shaggy fur 1, tough skin 2
a: Minor Destruction, Lesser Servant of Makhleb, Major Destruction, Greater
Servant of Makhleb, Renounce Religion


You were in the Dungeon.
You worshipped Makhleb.
Makhleb was exalted by your worship.
You were not hungry.

You visited 1 branch

Inventory:

Hand Weapons
 l - the +∞ Axe of Woe (weapon)
   (You found it in the Dungeon)
Missiles
 e - 5 tomahawks of dispersal (quivered)
Armour
 b - a +0 robe (worn)
Jewellery
 a - a ring of see invisible (left claw)
Scrolls
 d - a scroll of blinking
Potions
 h - a potion of heal wounds
 i - a potion of haste
 j - 2 potions of magic
 k - a potion of berserk rage
Books
 c - a book of Spatial Translocations

   Spells                             Type                      Level
   a - Blink                          Translocation                2
   b - Shroud of Golubria             Charms/Translocation         2
   c - Lesser Beckoning               Translocation                3
   d - Gell's Gravitas                Translocation                3
   e - Teleport Other                 Translocation                3
   f - Passage of Golubria            Translocation                4
Comestibles
 f - 2 bread rations


   Skills:
 O Level 27 Fighting
 O Level 27 Axes
 O Level 27 Throwing
 O Level 27 Armour
 O Level 27 Dodging
 O Level 27 Stealth
 O Level 27 Unarmed Combat
 O Level 27 Spellcasting
 O Level 27 Translocations
 O Level 27 Invocations


You had 78 spell levels left.
You knew the following spells:

 Your Spells              Type           Power        Failure   Level  Hunger
a - Blink                 Tloc           N/A          0%          2    None


Dungeon Overview and Level Annotations

Branches:
Dungeon (1/1)

Altars:
Makhleb


Innate Abilities, Weirdness & Mutations

You are too large for most types of armour.
You have claws for hands.
Your metabolism is lightning-fast.
You like to eat raw meat.
Your natural rate of healing is unusually fast.
You are covered in fur. (AC +1)
You have very tough skin. (AC +2)


Message History

The scourge throws poison at you.
The bolt of poison hits the observer.
The observer turns its gaze towards you.
The dread calls on the powers of darkness!
The bag of meat convulses! x2; The scourge convulses!
The fleshlord convulses! x2
The scourge convulses!
The bag of meat convulses!
The observer convulses!
The bag of meat convulses!
The observer convulses!
The meat berserker convulses!
The scourge convulses!
Your body is wracked with pain!
* * * LOW HITPOINT WARNING * * *
The bag of meat convulses!
The fleshlord convulses!
You hear a shout! x2
The dread is engulfed in blazing flames.
You hear a shout!
The scourge throws poison at you. The bolt of poison misses you.
The meat berserker completely misses you.
The accursed casts a spell at you. Something smites you!
You die...

####### ####.%....
####)oo%.%.).
###§p§§%§....##
####...§§§)§§.W))..
#.@.o..§W§####p))..
#..SoO)G....#....oo)).
#..Mpo.o.....#...O)SD.
#.pG..oS..S..#...L))))
#.......###...#...))))
#....W### ....#.%.)))
#....#. ...%...D.)))
#.... . ......%..)))
.......#))


You could see an accursed, 2 observers, 3 scourges, 3 fleshlords, 2 dreads, a
meat berserker (berserk) and 5 bags of meat.

Vanquished Creatures
  11 hell beasts (D)
  2 greater mummies (D)
  2 great orbs of eyes (D)
  3 wraiths (D)
  16 vampire knights (D)
  33 ogres (D)
  7 two-headed ogres (D)
  6 liches (D)
  A hydra (D)
  91 orcs (D)
  3 phantoms (D)
  6 skeletal warriors (D)
  4 sea snakes (D)
  7 large abominations (D)
  3 small abominations (D)
  10 crawling corpses (D)
205 creatures vanquished.

Vanquished Creatures (others)
  A two-headed ogre (D)
  2 hydras (D)
  5 orcs (D)
  3 crawling corpses (D)
11 creatures vanquished.

Grand Total: 216 creatures vanquished

Notes
Turn   | Place    | Note
-------+----------+-------------------------------------------
     0 | D        | Kidiri the Troll Warper began the quest for the Orb.
     0 | D        | Reached XP level 1. HP: 19/19 MP: 1/1
     3 | D        | Noticed a bag of meat
     3 | D        | Killed a bag of meat
     3 | D        | Reached skill level 10 in Fighting
     3 | D        | Reached skill level 10 in Spellcasting
     3 | D        | Reached XP level 2. HP: 46/46 MP: 1/12
     3 | D        | Reached XP level 3. HP: 54/54 MP: 1/13
     3 | D        | Reached XP level 4. HP: 63/63 MP: 1/15
     3 | D        | Reached XP level 5. HP: 70/70 MP: 1/16
     3 | D        | Reached XP level 6. HP: 79/79 MP: 1/18
     3 | D        | Reached XP level 7. HP: 87/87 MP: 1/19
     3 | D        | Reached XP level 8. HP: 96/96 MP: 1/21
     3 | D        | Reached XP level 9. HP: 102/102 MP: 1/22
     3 | D        | Reached XP level 10. HP: 111/111 MP: 1/23
     3 | D        | Reached XP level 11. HP: 119/119 MP: 1/24
     4 | D        | Noticed a bag of meat
     4 | D        | Noticed a bag of meat
     4 | D        | Noticed a bag of meat
     5 | D        | Noticed a bag of meat
     6 | D        | Became a worshipper of Makhleb the Destroyer
     7 | D        | Noticed a bag of meat
     8 | D        | Noticed a bag of meat
     8 | D        | Noticed a bag of meat
     9 | D        | Noticed a meat berserker
     9 | D        | Noticed a bag of meat
    10 | D        | Noticed a bag of meat
    10 | D        | Noticed a meat berserker
    10 | D        | Killed a bag of meat
    10 | D        | Reached skill level 15 in Dodging
    10 | D        | Reached skill level 5 in Invocations
    10 | D        | Reached XP level 12. HP: 87/132 MP: 2/26
    11 | D        | Noticed a bag of meat
    11 | D        | Noticed a meat berserker
    11 | D        | Killed a bag of meat
    11 | D        | Reached * piety under Makhleb
    11 | D        | Reached XP level 13. HP: 94/141 MP: 2/27
    11 | D        | Killed a bag of meat
    11 | D        | Reached skill level 10 in Throwing
    11 | D        | Reached XP level 14. HP: 102/153 MP: 2/29
    12 | D        | Noticed a bag of meat
    12 | D        | Noticed a bag of meat
    12 | D        | Noticed a bag of meat
    12 | D        | Killed a meat berserker
    12 | D        | Reached XP level 15. HP: 31/165 MP: 3/30
    12 | D        | Reached ** piety under Makhleb
    12 | D        | Reached skill level 15 in Fighting
    13 | D        | Killed a meat berserker
    13 | D        | Reached skill level 15 in Throwing
    13 | D        | Reached XP level 16. HP: 148/180 MP: 3/33
    14 | D        | Noticed a meat berserker
    14 | D        | Reached *** piety under Makhleb
    14 | D        | Reached skill level 15 in Invocations
    14 | D        | Reached XP level 17. HP: 191/191 MP: 3/34
    14 | D        | Killed a meat berserker
    14 | D        | Reached skill level 15 in Spellcasting
    15 | D        | Noticed a meat berserker
    15 | D        | Noticed a meat berserker
    15 | D        | Reached **** piety under Makhleb
    15 | D        | Reached XP level 18. HP: 206/206 MP: 3/37
    16 | D        | Noticed a meat berserker
    17 | D        | Noticed a meat berserker
    18 | D        | Noticed a meat berserker
    19 | D        | Killed a meat berserker
    19 | D        | Reached ***** piety under Makhleb
    19 | D        | Reached XP level 19. HP: 219/219 MP: 4/39
    19 | D        | Reached skill level 27 in Dodging
    19 | D        | Killed a meat berserker
    19 | D        | Reached skill level 27 in Axes
    20 | D        | Noticed a meat berserker
    20 | D        | Noticed a meat berserker
    20 | D        | Killed a meat berserker
    20 | D        | Reached XP level 20. HP: 241/241 MP: 4/42
    21 | D        | Killed a meat berserker
    22 | D        | Noticed a destroyer
    22 | D        | Noticed a meat berserker
    22 | D        | Reached ****** piety under Makhleb
    22 | D        | Reached XP level 21. HP: 258/258 MP: 5/45
    22 | D        | Reached skill level 27 in Throwing
    22 | D        | Reached skill level 27 in Invocations
    23 | D        | Noticed a large bag of meat
    23 | D        | Reached skill level 27 in Fighting
    23 | D        | Reached skill level 27 in Spellcasting
    23 | D        | Reached skill level 5 in Unarmed Combat
    23 | D        | Reached XP level 22. HP: 275/275 MP: 5/52
    24 | D        | Noticed a destroyer
    24 | D        | Reached skill level 10 in Unarmed Combat
    25 | D        | Reached skill level 10 in Stealth
    25 | D        | Reached skill level 15 in Unarmed Combat
    25 | D        | Noticed a destroyer
    25 | D        | Noticed a destroyer
    26 | D        | Reached skill level 15 in Stealth
    26 | D        | Reached XP level 23. HP: 284/284 MP: 6/53
    27 | D        | Noticed a large bag of meat
    27 | D        | Killed a destroyer
    29 | D        | Reached skill level 27 in Unarmed Combat
    29 | D        | Reached XP level 24. HP: 295/295 MP: 6/53
    30 | D        | Killed a destroyer
    30 | D        | Reached skill level 27 in Armour
    31 | D        | Noticed a large bag of meat
    32 | D        | Killed a destroyer
    32 | D        | Reached skill level 27 in Stealth
    32 | D        | Reached XP level 25. HP: 302/304 MP: 7/53
    32 | D        | Killed a large bag of meat
    32 | D        | Killed a destroyer
    33 | D        | Noticed a destroyer
    33 | D        | Reached XP level 26. HP: 314/314 MP: 7/53
    34 | D        | Noticed a large bag of meat
    36 | D        | Killed a destroyer
    36 | D        | Reached XP level 27. HP: 323/323 MP: 8/53
    38 | D        | Noticed a destroyer
    38 | D        | Noticed a destroyer
    39 | D        | Noticed a destroyer
    39 | D        | Killed a large bag of meat
    39 | D        | Killed a destroyer
    41 | D        | Killed a destroyer
    43 | D        | Noticed a large bag of meat
    44 | D        | Noticed a destroyer
    44 | D        | Killed a destroyer
    45 | D        | Killed a large bag of meat
    45 | D        | Killed a destroyer
    47 | D        | Killed a large bag of meat
    48 | D        | Noticed a destroyer
    48 | D        | Noticed a destroyer
    49 | D        | Noticed an accursed
    51 | D        | Noticed a tyrant
    51 | D        | Noticed a tyrant
    51 | D        | Noticed a destroyer
    54 | D        | Killed a large bag of meat
    55 | D        | Noticed a tyrant
    56 | D        | Noticed a tyrant
    56 | D        | Killed a tyrant
    56 | D        | Killed a destroyer
    57 | D        | Noticed a tyrant
    59 | D        | Killed a destroyer
    59 | D        | Killed a destroyer
    59 | D        | Killed a tyrant
    62 | D        | Noticed a meat beast
    64 | D        | Noticed a meat beast
    65 | D        | Noticed a destroyer
    66 | D        | Killed a meat beast
    67 | D        | Noticed a destroyer
    67 | D        | Killed a tyrant
    69 | D        | Noticed a meat beast
    69 | D        | Killed an accursed
    69 | D        | Killed a meat beast
    70 | D        | Killed a meat beast
    70 | D        | Killed a tyrant
    71 | D        | Noticed a meat beast
    71 | D        | Killed a tyrant
    72 | D        | Noticed a dread
    72 | D        | Noticed a meat beast
    74 | D        | Noticed a meat beast
    76 | D        | Killed a destroyer
    76 | D        | Killed a meat beast
    79 | D        | Noticed a meat beast
    79 | D        | Killed a meat beast
    83 | D        | Killed a meat beast
    83 | D        | Killed a meat beast
    88 | D        | Killed a destroyer
    90 | D        | Noticed a meat beast
    91 | D        | Noticed a dread
    91 | D        | Killed a dread
    94 | D        | Killed a meat beast
    98 | D        | Learned a level 2 spell: Blink
   100 | D        | Killed a dread
   101 | D        | Noticed a meat beast
   102 | D        | Reached skill level 27 in Translocations
   102 | D        | Killed a meat beast
   103 | D        | Noticed a destroyer
   103 | D        | Noticed an accursed
   104 | D        | Killed a destroyer
   109 | D        | Killed an accursed
   111 | D        | Noticed a tyrant
   111 | D        | Noticed a dread
   113 | D        | Noticed a destroyer
   117 | D        | Killed a destroyer
   118 | D        | Noticed a dread
   118 | D        | Noticed a large bag of meat
   118 | D        | Noticed a large bag of meat
   119 | D        | Noticed a meat beast
   122 | D        | Noticed a large bag of meat
   124 | D        | Noticed a fleshlord
   126 | D        | Killed a meat beast
   129 | D        | Killed a dread
   129 | D        | Killed a tyrant
   130 | D        | Noticed a meat beast
   130 | D        | Killed a large bag of meat
   132 | D        | Noticed a dread
   134 | D        | Killed a meat beast
   135 | D        | Noticed a fleshlord
   139 | D        | Killed a large bag of meat
   139 | D        | Killed a large bag of meat
   143 | D        | Noticed a fleshlord
   143 | D        | Noticed a fleshlord
   143 | D        | Noticed an accursed
   148 | D        | Noticed a dread
   148 | D        | HP: 11/323 [scourge/poison arrow (97)]
   148 | D        | Killed from afar by an accursed

Vault maps used:
D:        meatsprint

Skill      XL: |  1  2  3  4  5  6  7  8  9 10 11 12 13 14 15 16 17 18 19 20 21 22 23 24 25 26 27 |
---------------+----------------------------------------------------------------------------------+-----
Fighting       | 10 11 12 13 14 16 17 18 20 23 25 27 | 27.0
Axes           | 11 13 14 16 17 20 21 24 25 27 | 27.0
Throwing       | 4 7 9 10 12 15 16 18 19 23 26 27 | 27.0
Dodging        | 14 15 16 17 19 22 23 25 26 27 | 27.0
Spellcasting   | 10 11 12 14 16 17 19 21 27 | 27.0
Invocations    | 5 8 9 11 14 15 17 19 23 26 27 | 27.0
Armour         | 4 19 24 27 | 27.0
Stealth        | 3 15 20 27 | 27.0
Unarmed Combat | 5 22 27 | 27.0
Translocations | 27 | 27.0

Action                   |  1- 3 |  4- 6 |  7- 9 | 10-12 | 13-15 | 16-18 | 19-21 | 22-24 | 25-27 || total
-------------------------+-------+-------+-------+-------+-------+-------+-------+-------+-------++-------
Melee: Executioner's axe |     1 |       |       |     2 |     2 |     5 |     4 |     7 |    74 ||    95
Invok: Major Destruction |       |       |       |       |       |       |       |       |     2 ||     2
  Use: Scroll            |       |       |       |       |       |       |       |       |     1 ||     1
       Potion            |       |       |       |       |       |       |       |       |     1 ||     1
Armor: Robe              |       |       |       |       |       |       |       |     1 |     4 ||     5
Dodge: Dodged            |       |       |       |       |       |     1 |       |     1 |    12 ||    14
